 Dungeon Crawl Stone Soup version 0.22.0-1-g6561e4c (webtiles) character file.

232 MovingMist the Ducker (level 5, -9/36 HPs)
             Began as a Demonspawn Gladiator on Aug 12, 2018.
             Was an Initiate of Hepliaklqana.
             Mangled by an ogre
             ... wielding a cursed +0 giant club
              (17 damage)
             ... on level 5 of the Dungeon.
             The game lasted 00:07:36 (3108 turns).

MovingMist the Ducker (Demonspawn Gladiator)        Turns: 3108, Time: 00:07:37

Health: -9/36      AC:  7    Str: 14    XL:     5   Next: 73%
Magic:  5/5        EV: 10    Int:  9    God:    Hepliaklqana [......]
Gold:   170        SH:  0    Dex: 19    Spells: 1/4 levels left

rFire    . . .     SeeInvis +   s - +1 mace of the Jester {crush, rElec MR+ Dex+3 SInv}
rCold    . . .     Gourm    .   (no shield)
rNeg     . . .     Faith    .   i - +1 ring mail
rPois    .         Spirit   .   (helmet restricted)
rElec    +         Reflect  .   (no cloak)
rCorr    .         Harm     .   (no gloves)
MR       +....                  l - +0 pair of boots
Stlth    +.........             (no amulet)
HPRegen  0.12/turn              (no ring)
MPRegen  0.09/turn              (no ring)

@: constricted
A: reduced essence, antennae 1
a: Recall Ancestor, Ancestor Identity, Renounce Religion


You were on level 5 of the Dungeon.
You worshipped Hepliaklqana.
Hepliaklqana was noncommittal.
You were not hungry.

You visited 1 branch of the dungeon, and saw 5 of its levels.

You collected 170 gold pieces.

Inventory:

Hand Weapons
 a - a +1 long sword
 s - the +1 mace of the Jester (weapon) {crush, rElec MR+ Dex+3 SInv}
   (You found it on level 4 of the Dungeon)

   It inflicts extra damage upon your enemies.
   It affects your dexterity (+3).
   It insulates you from electricity.
   It affects your resistance to hostile enchantments.
   It lets you see invisible.
Missiles
 d - 3 throwing nets (quivered)
Armour
 i - a +1 ring mail (worn)
 l - a +0 pair of boots (worn)
Wands
 h - a wand of random effects (28)
Scrolls
 c - a scroll of identify
 e - a scroll of remove curse
 j - a scroll of enchant weapon
Potions
 b - 3 potions of degeneration {unknown}
 n - 2 potions of curing {unknown}
 o - 2 potions of lignification {unknown}
 p - 2 potions of berserk rage {unknown}
Comestibles
 f - 9 rations


   Skills:
 + Level 3.3 Fighting
 - Level 3.6 Long Blades
 * Level 1.0 Maces & Flails
 - Level 1.7 Throwing
 * Level 4.5 Dodging


You had one spell level left.
You knew the following spells:

 Your Spells              Type           Power        Failure   Level  Hunger
a - Confuse               Hex            #.......     94%         3    ####...

Your spell library contained the following spells:

 Spells                   Type           Power        Failure   Level  Hunger
 Tukima's Dance           Hex            #.......     94%         3    ####...
 Ensorcelled Hibernation  Hex/Ice        #.....       77%         2    ###....
 Corona                   Hex            #......      63%         1    ##.....
 Dazzling Spray           Conj/Hex       #.....       94%         3    ####...


Dungeon Overview and Level Annotations

Branches:
Dungeon (5/15)
 Temple: D:4-7

Altars:
Gozag
Hepliaklqana
Kikubaaqudgha
Nemelex Xobeh
Uskayaw
Vehumet
Zin
The Shining One

Annotations:
D:5 Ijyb


Innate Abilities, Weirdness & Mutations

You have a pair of small antennae on your head.
Your life essence is reduced to manifest your ancestor. (-10% HP)


Message History

Ebaka hits the ogre.
The crimson imp summons a swarm of flies.
The crimson imp closely misses you. The crimson imp barely misses you.
The crimson imp blinks!
The ogre misses you.
Ebaka barely misses the crimson imp.
As you open the door, it creaks loudly!
Ijyb the Twisted Goblin comes into view.
She is wielding a club.
Ijyb shouts!
Ijyb hits you but does no damage.
The ball python bites you but does no damage.
The ball python grabs you.
* * * LOW HITPOINT WARNING * * *
The ball python constricts you.
There is an open door here.
You hit Ijyb.
Ijyb is moderately wounded.
The ogre hits you with a giant club!
You die...

#.# .... #..#.# ####...
#########..#.# ...+...
......##..#.### ......
#........#.... #....
#........#####
#....####.........#
#....#...........>####
#....@S...............
......g#O.5R.......#####
###....#...........#
#.####.......##### #
#.......# #########


You could see the friendly Ebaka the ancestor, an ogre, Ijyb, a crimson imp and
a ball python.

Vanquished Creatures
  A water moccasin zombie (D:5)
  An iguana (D:4)
  7 adders
  An ooze (D:1)
  3 worms
  A dart slug (D:1)
  5 orcs (D:3)
  A ball python (D:2)
  7 bats
  6 giant cockroaches
  5 hobgoblins
  6 jackals
  6 kobolds
  2 quokkas
  5 frilled lizards
  7 goblins
  8 rats
72 creatures vanquished.

Vanquished Creatures (collateral kills)
  A frilled lizard (D:4)
1 creature vanquished.

Grand Total: 73 creatures vanquished

Notes
Turn   | Place    | Note
-------+----------+-------------------------------------------
     0 | D:1      | MovingMist the Demonspawn Gladiator began the quest for the Orb.
     0 | D:1      | Reached XP level 1. HP: 16/16 MP: 1/1
   103 | D:1      | Reached skill level 3 in Dodging
   103 | D:1      | Gained mutation: You have a pair of small antennae on your head. [demonic ancestry]
   103 | D:1      | Reached XP level 2. HP: 21/22 MP: 2/2
   439 | D:1      | Reached XP level 3. HP: 26/28 MP: 3/3
   701 | D:2      | You fall through a shaft for 2 floors!
   701 | D:4      | Noticed a hand axe
   701 | D:4      | Noticed a dagger
   702 | D:4      | Found a hide-covered altar of Uskayaw.
   764 | D:4      | Found a glowing silver altar of Zin.
   781 | D:4      | Found an ancient bone altar of Kikubaaqudgha.
   795 | D:4      | Found a sparkling altar of Nemelex Xobeh.
   966 | D:2      | Reached XP level 4. HP: 15/34 MP: 4/4
  1688 | D:3      | Reached skill level 4 in Dodging
  1917 | D:3      | Reached XP level 5. HP: 34/41 MP: 5/5
  2439 | D:4      | Found a hazy altar of Hepliaklqana.
  2457 | D:4      | Became a worshipper of Hepliaklqana the Forgotten
  2542 | D:4      | Found a glowing golden altar of the Shining One.
  2545 | D:4      | Found an opulent altar of Gozag.
  2548 | D:4      | Found a radiant altar of Vehumet.
  2628 | D:4      | Got a dazzling mace
  2638 | D:4      | Identified the cursed +1 mace of the Jester {crush, rElec MR+ Dex+3 SInv} (You found it on level 4 of the Dungeon)
  2829 | D:4      | Learned a level 3 spell: Confuse
  3012 | D:5      | Entered Level 5 of the Dungeon
  3062 | D:5      | Reached skill level 1 in Maces & Flails
  3093 | D:5      | Noticed an ogre
  3106 | D:5      | Noticed Ijyb
  3108 | D:5      | Mangled by an ogre

Skill      XL: |  1  2  3  4  5 |
---------------+----------------+-----
Dodging        | 3 4 |  4.5
Long Blades    | 3 |  3.6
Fighting       | 3 |  3.3
Maces & Flails | 1 |  1.0
Throwing       | |  1.7

Action                   |  1- 3 |  4- 6 || total
-------------------------+-------+-------++-------
Melee: Long sword        |   112 |    83 ||   195
       Mace              |       |    13 ||    13
Invok: Ancestor Identity |       |     1 ||     1
  Use: Scroll            |       |     9 ||     9
  Eat: Chunk             |       |     6 ||     6
       Ration            |       |     1 ||     1
Armor: Leather armour    |     7 |       ||     7
       Ring mail         |    45 |    44 ||    89
Dodge: Dodged            |    91 |    96 ||   187
       Rpst.: Long sword |    33 |    32 ||    65
